 Dungeon Crawl Stone Soup version 0.28-a0-199-g298df9dbad (webtiles) character file.

Game seed: 14698239441768031988

11968 lunkers the Thaumaturge (level 12, -3/93 HPs)
             Began as a Djinni Earth Elementalist on Aug 19, 2021.
             Was a Priest of Ashenzari.
             Slain by a killer bee (8 damage)
             ... on level 10 of the Dungeon.
             The game lasted 00:15:31 (14172 turns).

lunkers the Thaumaturge (DjEE)                     Turns: 14172, Time: 00:15:32

Health: -3/93      AC:  3    Str:  7    XL:     12   Next: 14%
Gold:   497        EV: 13    Int: 22    God:    Ashenzari [***...] SH:  0 Dex: 14

rFire   + . .      SeeInvis +   d - staff of conjuration
rCold   + . .      Faith    .   (no shield)
rNeg    . . .      Spirit   .   b - +0 robe "Restrained Discomfort" {Evo, Fort} (curse)
rPois   ∞          Reflect  .   (no helmet)
rElec   .          Harm     .   x - scarf of the Mantic Shame {shadows, Range, Evo} (curse)
rCorr   .          Rampage  .   r - +0 pair of gloves of Ashenzari's Oracle {Fort, Cun} (curse)
Will    +....      Clarity  +   (boots unavailable)
Stlth   ++........              (no amulet)
HPRegen 0.25/turn               k - ring of protection from cold
MPRegen 0.00/turn               u - ring "Share My Discomfort" {Ice, Evo, Range} (curse)

@: about to teleport, flying
A: sickness immunity, fire resistance 2, cold vulnerability 1, float, innate
caster, hp casting, extra vitality 1
a: Renounce Religion, Shatter the Chains


You were on level 10 of the Dungeon.
You worshipped Ashenzari.
Ashenzari was most pleased with you.
You visited 1 branch of the dungeon, and saw 10 of its levels.

You collected 525 gold pieces.
You spent 28 gold pieces at shops.

Inventory:

Hand Weapons
 m - a +2 short sword of freezing
 o - a +5 war axe
Missiles
 c - 308 stones
 g - a throwing net
Armour
 b - the cursed +0 robe "Restrained Discomfort" (worn) {Evo, Fort}

   It has a curse which improves the following skills: Evocations: Evocations.
   Fortitude: Armour and Shields.
 r - the cursed +0 pair of gloves of Ashenzari's Oracle (worn) {Fort, Cun}
   (You found it on level 2 of the Dungeon)

   It has a curse which improves the following skills: Fortitude: Armour and
   Shields.
   Cunning:   Dodging and Stealth.
 x - the cursed scarf of the Mantic Shame (worn) {shadows, Range, Evo}
   (You found it on level 7 of the Dungeon)

   It has a curse which improves the following skills: Ranged Combat: Slings,
   Bows, Crossbows and Throwing.
   Evocations: Evocations.
Magical Staves
 d - a staff of conjuration (weapon)
Jewellery
 k - a ring of protection from cold (left hand)
 u - the cursed ring "Share My Discomfort" (right hand) {Ice, Evo, Range}
   (You took it off a gnoll on level 5 of the Dungeon)

   [ring of ice]

   It enhances your ice magic.
   rF:        It makes you vulnerable to fire.
   rC:        It protects you from cold.
   It has a curse which improves the following skills: Evocations: Evocations.
   Ranged Combat: Slings, Bows, Crossbows and Throwing.
Wands
 v - a wand of charming (13)
Scrolls
 a - 3 scrolls of fog
 f - a scroll of silence
 h - 18 scrolls of identify
 i - 6 scrolls of teleportation
 n - 2 scrolls of enchant armour
 q - a scroll of magic mapping
 s - a scroll of acquirement
 y - 3 scrolls of fear
 z - a scroll of blinking
Potions
 e - 3 potions of curing
 j - 2 potions of attraction
 l - a potion of flight
 p - 2 potions of berserk rage
 t - 2 potions of haste
 w - a potion of ambrosia
 A - a potion of resistance


   Skills:
 + Level 10.6 Fighting
 - Level 2.1(3.6) Dodging
 - Level 1.5(2.9) Stealth
 * Level 11.8 Spellcasting


You had 10 spell levels left.
You knew the following spells:

 Your Spells              Type           Power      Damage    Failure   Level
a - Stone Arrow           Conj/Erth      100%       3d13      1%          3
b - Passwall              Tmut/Erth      50%        N/A       1%          2
c - Sandblast             Erth           100%       2d20      1%          1
d - Petrify               Tmut/Erth      60%        N/A       1%          4
e - Summon Small Mammal   Summ           100%       N/A       1%          1
f - Wereblood             Tmut           60%        N/A       1%          2
g - Vampiric Draining     Necr           30%        2d10      1%          3
h - Inner Flame           Hex/Fire       60%        N/A       1%          3
i - Blade Hands           Tmut           30%        N/A       1%          5
Your spell library was empty.

Dungeon Overview and Level Annotations

Branches:
Dungeon (10/15)            Temple (0/1) D:6            Lair (0/6) D:8
    Orc: D:9-12

Altars:
Ashenzari
Cheibriados
Dithmenos
Elyvilon
Gozag
Okawaru
Qazlal
Trog
Uskayaw
Xom
Yredelemnul
The Shining One
Beogh

Shops:
D:5 *

Annotations:
D:5 3 runed translucent doors, frimble's ghost, amateur MiWr
D:6 3 runed translucent doors, Foolio's ghost, novice DsCK
D:7 2 transporters


Innate Abilities, Weirdness & Mutations

You are immune to sickness and miasma.
You are immune to poison.
Your flesh is very heat resistant. (rF++)
You are vulnerable to cold. (rC-)
You float through the air rather than walking.
You learn spells naturally, not from books.
Your magical power is your life essence.
You have superior vitality. (+4 HP)


Message History

Confirm with . or Enter, or press ? or * to list all spells.
Aiming: Stone Arrow (safe; 1% risk of failure)
Press: ? - help, Shift-Dir - straight line, f - killer bee
Aim: a killer bee (55% to hit)
You feel a surge of power!
The stone arrow hits the killer bee!
The killer bee is severely wounded.
* * * LOW HITPOINT WARNING * * *
The killer bee stings you.
* * * LOW HITPOINT WARNING * * *
The killer bee stings you but does no damage.
Unknown command.
Unknown command.
Casting: Stone Arrow (safe; 1% risk of failure)
Confirm with . or Enter, or press ? or * to list all spells.
Aiming: Sandblast (safe; 1% risk of failure)
Press: ? - help, Shift-Dir - straight line, f/p - killer bee
Aim: a killer bee (severely wounded, 67% to hit)
The blast of sand misses the killer bee.
The blast of sand hits the killer bee!
The killer bee is severely wounded.
* * * LOW HITPOINT WARNING * * *
The killer bee closely misses you. The killer bee stings you!
* * * LOW HITPOINT WARNING * * *
A queen bee comes into view.
Unknown command.
Casting: Sandblast (safe; 1% risk of failure)
Confirm with . or Enter, or press ? or * to list all spells.
Aiming: Petrify (safe; 1% risk of failure)
Press: ? - help, Shift-Dir - straight line, f/p - killer bee
Aim: a killer bee (severely wounded, chance to affect: 83%)
The killer bee barely resists.
* * * LOW HITPOINT WARNING * * *
The killer bee stings you.
* * * LOW HITPOINT WARNING * * *
The killer bee barely misses you.
Unknown command.
As you read the scroll of teleportation, it crumbles to dust.
You feel strangely unstable. The killer bee closely misses you.
The killer bee stings you!
You die...

.......# .......#
.......# ** ##
.......# * {†###
#####.## ,, {∆yy#
.# #.# *,, {{#y#
.####.####, ,, #y#
......#..#{{{ ∆#y#
.........#######@#
..............##.#
.................#
..............####
..............#
.......>......#
..............#
.............##
.....##.....##


You could see a queen bee and 4 killer bees.

Vanquished Creatures
  Gastronok (D:10)
  A centaur warrior (D:9)
  2 two-headed ogres
  An unseen horror (D:10)
  A kobold demonologist (D:10)
  A troll (D:9)
  A shadow (D:10)
  A vampire (D:9)
  A wraith (D:10)
  17 yaks
  A steam dragon (D:7)
  Edmund (D:4)
  Menkaure (D:4)
  A water moccasin (D:7)
  An acid dragon (D:9)
  2 ice beasts (D:7)
  2 sky beasts
  2 black bears (D:8)
  3 orc warriors
  A hornet zombie (D:8)
  2 necrophages
  5 centaurs
  An ogre (D:7)
  A phantom (D:7)
  2 bullfrogs
  A gnoll sergeant (D:8)
  A scorpion (D:6)
  2 water moccasin zombies (D:6)
  A wyvern skeleton (D:7)
  18 killer bees
  11 wights
  4 howler monkeys
  A bullfrog zombie (D:6)
  3 centaur zombies
  2 hounds
  A centaur skeleton (D:7)
  2 jellies
  3 orc priests
  3 gnoll shamans
  2 iguanas
  Natasha (thrice) (D:4)
  5 orc wizards
  A howler monkey zombie (D:8)
  12 gnolls
  7 adders
  A shadow imp (D:5)
  2 white imps
  2 ufetubi
  A worm (D:3)
  4 dart slugs
  23 orcs
  4 ball pythons
  7 bats
  7 endoplasms
  A giant cockroach (D:1)
  10 goblins
  5 hobgoblins
  4 jackals (D:1)
  4 kobolds
  A quokka (D:3)
  2 frilled lizards
  5 rats
219 creatures vanquished.

Vanquished Creatures (others)
  An orc warrior (D:7)
  2 black bears (D:7)
  A bullfrog (D:7)
4 creatures vanquished.

Grand Total: 223 creatures vanquished

Notes
Turn   | Place    | Note
-------+----------+-------------------------------------------
     0 | D:1      | lunkers the Djinni Earth Elementalist began the quest for
                  | the Orb.
     0 | D:1      | Reached XP level 1. HP: 15/15 MP: 0/0
   299 | D:1      | Reached XP level 2. HP: 20/22 MP: 0/0
   478 | D:1      | Reached skill level 1 in Fighting
   569 | D:1      | Reached XP level 3. HP: 15/27 MP: 0/0
   569 | D:1      | Learned a level 1 spell: Summon Small Mammal
   570 | D:1      | Reached skill level 3 in Spellcasting
   984 | D:1      | Found a faded altar of an unknown god.
  1593 | D:2      | Reached XP level 4. HP: 25/32 MP: 0/0
  2197 | D:2      | Found a basalt altar of Yredelemnul.
  2861 | D:3      | Reached XP level 5. HP: 9/39 MP: 0/0
  2861 | D:3      | Learned a level 2 spell: Wereblood
  3586 | D:3      | Found a bloodstained altar of Trog.
  3611 | D:3      | Found a snail-covered altar of Cheibriados.
  3699 | D:3      | Found a shadowy altar of Dithmenos.
  3772 | D:4      | Found a broken altar of Ashenzari.
  3772 | D:4      | Found a glowing golden altar of the Shining One.
  3772 | D:4      | Found an iron altar of Okawaru.
  3830 | D:4      | Became a worshipper of Ashenzari the Shackled
  3922 | D:4      | Noticed Menkaure
  3927 | D:4      | Killed Menkaure
  3928 | D:4      | Reached skill level 4 in Spellcasting
  3928 | D:4      | Reached XP level 6. HP: 35/46 MP: 0/0
  4058 | D:4      | Reached XP level 7. HP: 31/50 MP: 0/0
  4058 | D:4      | Learned a level 3 spell: Vampiric Draining
  4060 | D:4      | Reached skill level 5 in Spellcasting
  4358 | D:4      | Noticed Edmund
  4367 | D:4      | Noticed Natasha
  4370 | D:4      | Killed Edmund
  4372 | D:4      | Killed Natasha
  4390 | D:4      | Noticed Natasha
  4396 | D:4      | Killed Natasha
  4486 | D:4      | Noticed Natasha
  4489 | D:4      | Killed Natasha
  4702 | D:4      | Reached XP level 8. HP: 37/58 MP: 0/0
  4967 | D:5      | Entered Level 5 of the Dungeon
  5334 | D:5      | Reached skill level 6 in Spellcasting
  5440 | D:5      | Found Roez's Assorted Antiques.
  5453 | D:5      | Bought a scroll labelled PICHAT ADIL for 28 gold pieces
  5483 | D:5      | Found a runed translucent gate.
  5483 | D:5      | Identified the +4 hand axe of Gazell {vamp, Dex+6}
  5483 | D:5      | Identified the +1 leather armour of the Gate {Drain Str+7
                  | Stlth+}
  5484 | D:5      | Found a runed translucent gate.
  5484 | D:5      | Found a runed translucent gate.
  5485 | D:5      | Noticed frimble's ghost (amateur MiWr)
  5760 | D:5      | HP: 2/58 [sky beast (5)]
  5765 | D:5      | Reached skill level 5 in Fighting
  7105 | D:6      | Found an opulent altar of Gozag.
  7106 | D:6      | Found a runed translucent gate.
  7106 | D:6      | Found a runed translucent gate.
  7106 | D:6      | Found a runed translucent gate.
  7150 | D:6      | Identified the Catalogue of Creative Stolen Souls
  7206 | D:6      | Found a hide-covered altar of Uskayaw.
  7278 | D:6      | Reached skill level 7 in Spellcasting
  7278 | D:6      | Reached XP level 9. HP: 61/66 MP: 0/0
  7278 | D:6      | Learned a level 3 spell: Inner Flame
  7373 | D:6      | Identified the +1 chain mail "Dyireg" {Rampage +Inv rPois
                  | Int-2}
  7383 | D:6      | Found a white marble altar of Elyvilon.
  7453 | D:6      | Noticed Foolio's ghost (novice DsCK)
  7454 | D:6      | Noticed a slime creature
  7928 | D:6      | Found a staircase to the Ecumenical Temple.
  7948 | D:6      | Reached * piety under Ashenzari
  8470 | D:7      | Reached skill level 8 in Spellcasting
  8560 | D:7      | Found a transporter.
  8561 | D:7      | Noticed a brown ugly thing
  8562 | D:7      | Noticed a red ugly thing
  8563 | D:7      | Found a transporter.
  8563 | D:7      | Noticed a green ugly thing
  8568 | D:7      | Noticed a red ugly thing
  8910 | D:7      | Found a shimmering altar of Xom.
  9371 | D:7      | Reached ** piety under Ashenzari
  9494 | D:8      | Reached XP level 10. HP: 66/75 MP: 0/0
  9508 | D:8      | Reached skill level 9 in Spellcasting
  9882 | D:8      | Noticed a two-headed ogre
  9885 | D:8      | Killed a two-headed ogre
 10268 | D:8      | Found a stormy altar of Qazlal.
 10574 | D:8      | Found a staircase to the Lair.
 10610 | D:8      | Reached skill level 10 in Spellcasting
 11286 | D:9      | Noticed a centaur warrior
 11291 | D:9      | Killed a centaur warrior
 11292 | D:9      | Reached XP level 11. HP: 17/84 MP: 0/0
 11292 | D:9      | Learned a level 5 spell: Blade Hands
 11819 | D:9      | Noticed a two-headed ogre
 11824 | D:9      | Killed a two-headed ogre
 12440 | D:9      | Reached skill level 11 in Spellcasting
 12639 | D:10     | Entered Level 10 of the Dungeon
 12659 | D:10     | Noticed Gastronok
 12661 | D:10     | Reached *** piety under Ashenzari
 12671 | D:10     | Killed Gastronok
 12672 | D:10     | Reached skill level 10 in Fighting
 13424 | D:10     | Reached XP level 12. HP: 77/92 MP: 0/0
 14172 | D:10     | Slain by a killer bee

Illustrated notes

Levels and vault maps discovered:
D:1:      minmay_arrival_open_corners, layout_basic,
          chequers_ecumenical_altar_lobes, minmay_tiny_reverse_x
D:2:      minmay_recursive_quarters, layout_loops_ring, basic_altar,
          corner_web_ring
D:3:      layout_basic, cheibriados_altar_1, old_standard_altar,
          grunt_dithmenos_smoke_and_mirrors
D:4:      layout_layer_cave, chequers_temple_overflow_statue_of_worship,
          uniq_edmund, uniq_natasha, uniq_menkaure
D:5:      layout_cave_pods, biasface_ghost_orc_armoury, serial_shops, shop
D:6:      layout_basic, marbit_many_paths, eat_drink_and_be_merry_uskayaw,
          minmay_temple_entry_crystal_x, ebering_ghost_gozag
D:7:      gammafunk_corrupted_shrine, layout_loops_ring, xom_confusion_cloud,
          minmay_manual_monstrance
D:8:      layout_loops_ring, nicolae_qazlal_general_emergency, lair_entry_dummy,
          minmay_between
D:9:      layout_cave_pools
D:10:     layout_rooms, special_room [special_room_bee],
          minmay_misc_feat_hallway, uniq_gastronok

Skill      XL: |  1  2  3  4  5  6  7  8  9 10 11 |
---------------+----------------------------------+-----
Fighting       | 1 2 3 4 5 7 9 10 | 10.6
Spellcasting   | 3 4 5 7 8 10 11 | 11.8
Dodging        | |  2.1
Stealth        | |  1.5

Action                   |  1- 3 |  4- 6 |  7- 9 | 10-12 || total
-------------------------+-------+-------+-------+-------++-------
Melee: Staff             |       |       |     4 |     1 ||     5
 Cast: Sandblast         |    44 |       |       |     1 ||    45
       Stone Arrow       |     2 |    52 |   101 |   153 ||   308
       Vampiric Draining |       |       |    14 |    30 ||    44
       Petrify           |       |       |       |     1 ||     1
Invok: Curse Item        |       |       |     3 |     1 ||     4
  Use: Potion            |       |       |     1 |       ||     1
       Scroll            |       |       |       |     1 ||     1
Armor: Robe              |     3 |     3 |     8 |    12 ||    26
Dodge: Dodged            |     6 |     7 |    29 |    40 ||    82

Table legend: (Time is in decaauts)
 A = Elapsed time spent in this place.
 B = Non-inter-level travel time spent in this place.
 C = Inter-level travel time spent in this place.
 D = Time resting spent in this place.
 E = Time spent auto-exploring this place.
 F = Levels seen in this place.
 G = Mean time per level.
                   A        B        C        D        E       F      G
               +--------+--------+--------+--------+--------+-----+--------+
         Total |  14178 |  13562 |    616 |   1611 |  10888 |  10 | 1417.8 |
       Dungeon |  14178 |  13562 |    616 |   1611 |  10888 |  10 | 1417.8 |
               +--------+--------+--------+--------+--------+-----+--------+

Top non-repeatable levels by time:
     D:8: 2051 daAuts
     D:5: 1765 daAuts
    D:10: 1532 daAuts
     D:3: 1506 daAuts
     D:7: 1329 daAuts
     D:4: 1241 daAuts
     D:2: 1205 daAuts
     D:1: 1202 daAuts
     D:6: 1185 daAuts
     D:9: 1157 daAuts
